 Dungeon Crawl Stone Soup version 0.27.0-1-g7a089689b8 (webtiles) character file.

Game seed: 9634088481818107003

140 PBDoughboyy the Grasshopper (level 5, -8/43 HPs)
             Began as a Gnoll Warper on Aug 5, 2021.
             Was a Believer of Nemelex Xobeh.
             Splashed by an acid dragon's acid (13 damage)
             ... on level 3 of the Dungeon.
             The game lasted 00:08:32 (3235 turns).

PBDoughboyy the Grasshopper (Gnoll Warper)          Turns: 3235, Time: 00:08:35

Health: -8/43      AC:  0    Str: 11    XL:     5   Next: 22%
Magic:  12/12      EV: 12    Int: 13    God:    Nemelex Xobeh [**....]
Gold:   116        SH:  0    Dex: 11    Spells: 14/14 levels left

rFire    . . .     SeeInvis .   a - +0 falchion
rCold    . . .     Faith    .   (no shield)
rNeg     . . .     Spirit   .   b - +0 leather armour
rPois    .         Reflect  .   (no helmet)
rElec    .         Harm     .   k - +0 cloak
rCorr    .         Rampage  .   (no gloves)
Will     .....                  (no boots)
Stlth    +.........             o - amulet of regeneration
HPRegen  1.14/turn              (no ring)
MPRegen  0.13/turn              (no ring)

@: corroded
A: fangs 1, strong nose, distributed training
a: Renounce Religion, Draw Escape, Draw Destruction, Draw Summoning


You were on level 3 of the Dungeon.
You worshipped Nemelex Xobeh.
Nemelex Xobeh was pleased with you.
You visited 1 branch of the dungeon, and saw 3 of its levels.

You collected 116 gold pieces.

Inventory:

Hand Weapons
 a - a +0 falchion (weapon)
Missiles
 d - 2 boomerangs of dispersal (quivered)
Armour
 b - a +0 leather armour (worn)
 k - a +0 cloak (worn)
Jewellery
 o - an amulet of regeneration (around neck)
Wands
 r - a wand of flame (13)
Scrolls
 c - a scroll of blinking
 e - a scroll of silence {unknown}
 g - 2 scrolls of identify {unknown}
 h - a scroll of enchant armour {unknown}
 j - a scroll of immolation {unknown}
 m - a scroll of enchant weapon {unknown}
 n - a scroll of noise {unknown}
Potions
 f - a potion of brilliance {unknown}
 i - 2 potions of flight {unknown}
 l - a potion of might {unknown}
 p - a potion of heal wounds {unknown}
 q - a potion of curing {unknown}
 s - a potion of invisibility {unknown}


   Skills:
 + Level 4.7 Fighting
 + Level 1.4 Short Blades
 + Level 4.7 Long Blades
 + Level 1.4 Axes
 + Level 1.4 Maces & Flails
 + Level 1.4 Polearms
 + Level 1.4 Staves
 + Level 1.4 Slings
 + Level 1.4 Bows
 + Level 1.4 Crossbows
 + Level 2.9 Throwing
 + Level 2.9 Armour
 + Level 4.7 Dodging
 + Level 1.4 Stealth
 + Level 1.4 Shields
 + Level 1.4 Unarmed Combat
 + Level 5.1 Spellcasting
 + Level 1.1 Conjurations
 + Level 1.1 Hexes
 + Level 1.1 Summonings
 + Level 1.1 Necromancy
 + Level 5.5 Translocations
 + Level 1.1 Transmutations
 + Level 1.1 Fire Magic
 + Level 1.1 Ice Magic
 + Level 1.1 Air Magic
 + Level 1.1 Earth Magic
 + Level 1.1 Poison Magic
 + Level 1.5 Invocations
 + Level 1.4 Evocations


You had 14 spell levels left.
You didn't know any spells.
Your spell library contained the following spells:

 Spells                   Type           Power      Damage    Failure   Level
 Blink                    Tloc           N/A        N/A       3%          2
 Gell's Gravitas          Tloc           8%         N/A       7%          3
 Lesser Beckoning         Tloc           8%         N/A       7%          3
 Teleport Other           Tloc           17%        N/A       7%          3
 Manifold Assault         Tloc           17%        N/A       54%         5


Dungeon Overview and Level Annotations

Branches:
Dungeon (3/15)

Altars:
Nemelex Xobeh
Yredelemnul

Shops:
D:2 (


Innate Abilities, Weirdness & Mutations

You have very sharp teeth.
Your uncanny sense of smell can sniff out nearby items.
Your experience applies equally to all skills.


Message History

The killer bee is heavily wounded.
Unknown command.
You draw a card...
You have drawn Degeneration.
The iguana evaporates and reforms as a dart slug!
The dart slug twists and deforms.
The killer bee evaporates and reforms as an acid dragon!
The acid dragon twists and deforms.
You feel sick. The acid dragon closely misses you. The acid dragon claws you.
* * * LOW HITPOINT WARNING * * *
You draw a card...
You have drawn the Cloud.
Clouds appear around you!
You feel sick.
The dart slug bites you but does no damage.
The acid dragon closely misses you. The acid dragon barely misses you.
You draw a card...
You have drawn the Illusion.
Suddenly you stand beside yourself.
The deck of cards glows with a rainbow of weird colours and disappears.
You feel sick. The acid dragon closely misses you. x2
The dart slug misses you.
You feel sick.
You closely miss the acid dragon.
You feel sick.
PBDoughboyy's illusion hits the dart slug.
The acid dragon closely misses you. The acid dragon barely misses you.
You hit the acid dragon.
The acid dragon is lightly wounded.
You feel sick.
You are no longer poisoned.
The dart slug launches a dart at you. The slug dart hits you.
* * * LOW HITPOINT WARNING * * *
PBDoughboyy's illusion hits the dart slug.
The acid dragon misses you. The acid dragon completely misses you.
PBDoughboyy's illusion hits the dart slug!
The dart slug dies!
The hound returns to its original shape as it dies.
The acid dragon spits acid at you. The splash of acid hits you.
* * * LOW HITPOINT WARNING * * *
The acid corrodes you!
You are splashed with acid!
You die...
Your body disappears without a glow.

........#.###########
#......>.............
#.#####.#.###.#######
#.#####.#.###.######
......# #.#........#
#.###.#
#.#........##### #.#
#.#............. #.#
#.#........##### #..
#.###+##@.§# #.. ∆
#.@.# #... # #D§§#
##.# #...
#.########§§§# ...
#........§§§§### ##.#
#................
....
...............##
#.#. ..........####.#
#. ..........# .# #
#.


You could see an acid dragon (catching breath, misshapen) and the friendly
PBDoughboyy's illusion (summoned, very poisoned).

Vanquished Creatures
  Ijyb (D:3)
  3 gnolls
  2 adders (D:2)
  2 dart slugs (D:1)
  4 ball pythons
  5 endoplasms (D:1)
  5 giant cockroaches
  2 goblins
  7 hobgoblins
  10 jackals
  6 bats
  4 frilled lizards
  3 kobolds (D:1)
  4 rats
58 creatures vanquished.

Vanquished Creatures (collateral kills)
  A dart slug (D:3)
1 creature vanquished.

Vanquished Creatures (others)
  4 fungi (D:1)
  6 plants (D:1)
10 creatures vanquished.

Grand Total: 69 creatures vanquished

Notes
Turn   | Place    | Note
-------+----------+-------------------------------------------
     0 | D:1      | PBDoughboyy the Gnoll Warper began the quest for the Orb.
     0 | D:1      | Reached XP level 1. HP: 20/20 MP: 6/6
   277 | D:1      | Reached XP level 2. HP: 21/26 MP: 7/7
  1001 | D:1      | Reached XP level 3. HP: 31/31 MP: 9/9
  1011 | D:1      | Reached skill level 5 in Spellcasting
  1367 | D:1      | Reached skill level 1 in Invocations
  1755 | D:1      | Found a faded altar of an unknown god.
  1818 | D:1      | Became a worshipper of Nemelex Xobeh the Trickster
  1818 | D:1      | Reached * piety under Nemelex Xobeh
  2026 | D:2      | Reached skill level 1 in Short Blades
  2026 | D:2      | Reached skill level 1 in Axes
  2026 | D:2      | Reached skill level 1 in Maces & Flails
  2026 | D:2      | Reached skill level 1 in Polearms
  2026 | D:2      | Reached skill level 1 in Staves
  2026 | D:2      | Reached skill level 1 in Slings
  2026 | D:2      | Reached skill level 1 in Bows
  2026 | D:2      | Reached skill level 1 in Crossbows
  2026 | D:2      | Reached skill level 1 in Stealth
  2026 | D:2      | Reached skill level 1 in Shields
  2026 | D:2      | Reached skill level 1 in Unarmed Combat
  2026 | D:2      | Reached skill level 1 in Evocations
  2079 | D:2      | Reached XP level 4. HP: 23/38 MP: 11/11
  2351 | D:2      | Received a gift from Nemelex Xobeh
  2487 | D:2      | Found Cikk's Weapon Boutique.
  2713 | D:2      | Reached ** piety under Nemelex Xobeh
  2776 | D:3      | Reached skill level 1 in Conjurations
  2776 | D:3      | Reached skill level 1 in Hexes
  2776 | D:3      | Reached skill level 1 in Summonings
  2776 | D:3      | Reached skill level 1 in Necromancy
  2776 | D:3      | Reached skill level 1 in Transmutations
  2776 | D:3      | Reached skill level 1 in Fire Magic
  2776 | D:3      | Reached skill level 1 in Ice Magic
  2776 | D:3      | Reached skill level 1 in Air Magic
  2776 | D:3      | Reached skill level 1 in Earth Magic
  2776 | D:3      | Reached skill level 1 in Poison Magic
  2968 | D:3      | Found a basalt altar of Yredelemnul.
  3076 | D:3      | Noticed Ijyb
  3090 | D:3      | Killed Ijyb
  3091 | D:3      | Reached XP level 5. HP: 14/43 MP: 12/12
  3212 | D:3      | Received a gift from Nemelex Xobeh
  3229 | D:3      | Noticed an acid dragon
  3229 | D:3      | a killer bee changed into an acid dragon
  3235 | D:3      | Splashed by an acid dragon's acid

Illustrated notes

Levels and vault maps discovered:
D:1:      shiori_angband_town, layout_basic,
          dreamdust_ecumenical_altar_hidden_monk_grotto, serial_aquarium,
          aquarium_bridge_square [aquarium_subvault_bridge,
          aquarium_subvault_wall, aquarium_subvault_balcony,
          aquarium_subvault_window], aquarium_window_2, aquarium_window_corner,
          aquarium_view_2a, aquarium_view_2f, aquarium_pool_double,
          minmay_pentomino_x4
D:2:      layout_loops_cross, serial_shops, nicolae_shop_window_shopping
D:3:      layout_basic, old_standard_altar, uniq_ijyb

Skill      XL: |  1  2  3  4 |
---------------+-------------+-----
Spellcasting   | 5 |  5.1
Invocations    | 1 |  1.5
Short Blades   | 1 |  1.4
Axes           | 1 |  1.4
Maces & Flails | 1 |  1.4
Polearms       | 1 |  1.4
Staves         | 1 |  1.4
Slings         | 1 |  1.4
Bows           | 1 |  1.4
Crossbows      | 1 |  1.4
Stealth        | 1 |  1.4
Shields        | 1 |  1.4
Unarmed Combat | 1 |  1.4
Evocations     | 1 |  1.4
Conjurations   | 1 |  1.1
Hexes          | 1 |  1.1
Summonings     | 1 |  1.1
Necromancy     | 1 |  1.1
Transmutations | 1 |  1.1
Fire Magic     | 1 |  1.1
Ice Magic      | 1 |  1.1
Air Magic      | 1 |  1.1
Earth Magic    | 1 |  1.1
Poison Magic   | 1 |  1.1
Fighting       | |  4.7
Long Blades    | |  4.7
Throwing       | |  2.9
Armour         | |  2.9
Dodging        | |  4.7
Translocations | |  5.5

Action                   |  1- 3 |  4- 6 || total
-------------------------+-------+-------++-------
Melee: Falchion          |   137 |    70 ||   207
       Bite              |    10 |     5 ||    15
       Punch             |       |     1 ||     1
Throw: Boomerang         |       |     3 ||     3
Invok: Draw Destruction  |       |     4 ||     4
       Draw Escape       |       |     1 ||     1
       Draw Summoning    |       |     1 ||     1
 Stab: Sleeping          |     1 |     1 ||     2
Armor: Leather armour    |    38 |    14 ||    52
Dodge: Dodged            |    89 |    54 ||   143
       Rpst.: Falchion   |    26 |    16 ||    42
